 Dungeon Crawl Stone Soup version 0.19.0-24-gb05acd6 (webtiles) character file.

642953 dobroeutro the Skullcrusher (level 27, -5/135 HPs)
             Began as a Gargoyle Fighter on Nov 20, 2016.
             Was the Champion of Okawaru.
             Slain by a shambling mangrove (18 damage)
             ... on level 5 of the Abyss.
             The game lasted 02:28:10 (61677 turns).

dobroeutro the Skullcrusher (Gargoyle Fighter)     Turns: 61677, Time: 02:28:10

Health: -5/135     AC: 53    Str: 28      XL:     27
Magic:  11/17      EV: 12    Int: 10 (13) God:    Okawaru [******]
Gold:   3800       SH: 17    Dex:  9      Spells: 0 memorised, 26 levels left

rFire  + + +     SeeInvis .     p - +12 morningstar of Anger {drain, *Rage rElec rC+++ Dex-4}
rCold  + + .     Gourm    .     w - +5 fire dragon scales
rNeg   + . .     Faith    .     Y - +1 shield {reflect}
rPois  ∞         Spirit   .     A - +2 hat {MR+}
rElec  +         Reflect  +     D - +2 cloak {rPois}
rCorr  +         Harm     .     J - +2 pair of gloves {Dex+3}
MR     ++++.     Rnd*Rage +     y - +0 pair of boots of the Stars {Int+6 Slay+5 Stlth-}
Stlth  ..........               c - amulet of regeneration
                                e - ring "Nib Guek" {rCorr rF+}
                                k - ring of protection from magic

@: exhausted, grasped by roots, slowed, very slow
A: big wings, horns 2, iridescent scales 1, rugged brown scales 1, berserk 3,
blurry vision 3, clumsy 1, deformed body, deterioration 2, dopey 2, frail 3, low
mp 3, mutation resistance 1, negative energy resistance 1, screaming 1, shaggy
fur 1, electricity resistance, slow regeneration 2, strong 2, weak 2,
unbreathing, petrification resistance, no device heal 2, rot immunity, subdued
magic 2, AC +20
a: Fly, Heroism, Finesse, Renounce Religion
}: 4/15 runes: barnacled, slimy, silver, gossamer


You were on level 5 of the Abyss.
You worshipped Okawaru.
Okawaru was exalted by your worship.
You were very hungry.

You visited 10 branches of the dungeon, and saw 50 of its levels.
You visited the Abyss 1 time.
You also visited: Labyrinth, Volcano, Wizlab and Desolation.

You collected 6847 gold pieces.
You spent 3047 gold pieces at shops.

Inventory:

Hand Weapons
 p - the +12 morningstar of Anger (weapon) {drain, *Rage rElec rC+++ Dex-4}
   (You found it on level 2 of the Elven Halls)

   A truly terrible weapon, it drains the life of those it strikes.
   It affects your dexterity (-4).
   It renders you almost immune to cold.
   It insulates you from electricity.
   It may make you go berserk in combat.
 L - a +9 eveningstar of draining
Armour
 m - the +3 hat of Pondering {ponderous, MR+ MP+10 Int+5}
   (You took it off Gastronok on level 1 of the Orcish Mines)

   It affects your intelligence (+5).
   It affects your resistance to hostile enchantments.
   It affects your magic capacity (+10).
 w - +5 fire dragon scales (worn)
 y - the +0 pair of boots of the Stars (worn) {Int+6 Slay+5 Stlth-}
   (You found it on level 11 of the Dungeon)

   It affects your intelligence (+6).
   It affects your accuracy and damage with ranged weapons and melee attacks
   (+5).
   It makes you less stealthy.
 A - a +2 hat of magic resistance (worn)
 D - a +2 cloak of poison resistance (worn)
 J - a +2 pair of gloves of dexterity (worn)
 Y - a +1 shield of reflection (worn)
Rods
 j - a +4 rod of clouds (11/11)
   (You found it in a labyrinth)
 R - a +4 lightning rod (10/10)
   (You found it on level 1 of the Shoals)
Jewellery
 c - an amulet of regeneration (around neck)
 e - the ring "Nib Guek" (right hand) {rCorr rF+}
   (You bought it in a shop on level 4 of the Depths)

   [ring of resist corrosion]

   It protects you from fire.
 k - a ring of protection from magic (left hand)
 q - the ring "Ziunan" {rC+ Int+5}
   (You acquired it on level 5 of the Vaults)

   [ring of protection from cold]

   It affects your intelligence (+5).
   It protects you from cold.
 E - the brooch of Shielding {Reflect SH+8}
   (You found it on level 1 of the Orcish Mines)

   [amulet of reflection]

   It shields you and reflects attacks.
   It affects your SH (+8).
 X - an uncursed ring of see invisible
Wands
 g - a wand of digging (6/24)
 o - a wand of teleportation (6/9)
 x - a wand of disintegration (5/24)
 z - a wand of hasting (6/9)
 C - a wand of hasting (4/9)
 O - a wand of teleportation (0/9)
 T - a wand of heal wounds (3/9)
 U - a wand of acid (8/15)
Scrolls
 h - 3 scrolls of summoning
 l - 4 scrolls of magic mapping
 n - 9 scrolls of teleportation
 t - 24 scrolls of remove curse
 F - 9 scrolls of identify
 G - 3 scrolls of blinking
 V - 4 scrolls of fog
 W - 10 scrolls of fear
Potions
 a - 3 potions of berserk rage
 d - 2 potions of might
 s - 7 potions of mutation
 u - 3 potions of heal wounds
 v - 12 potions of curing
 H - a potion of resistance
 K - 4 potions of agility
 M - a potion of ambrosia
 P - 4 potions of haste
 Q - 4 potions of cure mutation
 S - 5 potions of invisibility
Miscellaneous
 b - a lamp of fire
 I - a phial of floods
 Z - a disc of storms
Comestibles
 f - 26 bread rations
 i - 21 meat rations
 r - 24 fruits


   Skills:
 + Level 22.5 Fighting
 O Level 27 Maces & Flails
 + Level 20.9 Armour
 + Level 16.6 Dodging
 + Level 2.8 Stealth
 + Level 20.1 Shields
 + Level 3.3 Invocations
 + Level 3.1 Evocations


You had 26 spell levels left.
You didn't know any spells.

Dungeon Overview and Level Annotations

Branches:
Dungeon (15/15)            Temple (1/1) D:6            Lair (6/6) D:11
 Shoals (4/4) Lair:3       Spider (4/4) Lair:2        Slime (5/5) Lair:5
    Orc (2/2) D:11            Elf (3/3) Orc:2        Vaults (5/5) D:13
  Crypt (0/3) Vaults:2     Depths (5/5) D:15            Zot (0/5) Depths:5

Altars:
Ashenzari
Cheibriados
Dithmenos
Elyvilon
Fedhas
Gozag
Hepliaklqana
Kikubaaqudgha
Makhleb
Nemelex Xobeh
Okawaru
Qazlal
Ru
Sif Muna
Trog
Uskayaw
Vehumet
Xom
Yredelemnul
Zin
The Shining One
Lugonu

Shops:
D:4 *   D:6 [   Orc:1 [   Orc:2 %%[?   Shoals:4 %   Vaults:1 }   Vaults:2 }
Vaults:3 [   Depths:1 ?(   Depths:3 !   Depths:4 ?==}

Portals:
Hell: Depths:1 Depths:2 Depths:3 Depths:4 Depths:5
Abyss: Depths:4 Depths:5
Pandemonium: Depths:3
Ziggurat: Depths:1
Trove: Vaults:4 (give 8 potions of haste)

Annotations:
Elf:2 5 runed doors


Innate Abilities, Weirdness & Mutations

You are resistant to torment.
Your stone body is resilient. (AC +20)
You are immune to poison.
Your large and strong wings let you fly indefinitely.
You resist negative energy. (rN+)
You are resistant to electric shocks. (rElec)
You can survive without breathing.
You are immune to petrification.
You are immune to rotting.
You have a pair of horns on your head.
You are partially covered in iridescent scales. (AC +2)
You are partially covered in rugged brown scales. (AC +1, +3% HP)
Armour fits poorly on your strangely shaped body.
You are somewhat resistant to further mutation.
You occasionally shout uncontrollably at your foes.
You are covered in fur. (AC +1)
Your muscles are very strong. (Str +4)
[You have an uncontrollable temper.]
[Scrolls take you much longer to read.]
[You are clumsy. (Dex -2)]
[Your body often deteriorates upon taking damage.]
[You are very dopey. (Int -4)]
[You are extremely frail. (-30% HP)]
[Your magical capacity is extremely low. (-30% MP)]
[You do not regenerate when monsters are visible.]
[You are very weak. (Str -4)]
[Potions and wands are poor at restoring your health.]
[Your spells are easier to cast, but less powerful.]


Message History

The eye of draining gazes at you.
You feel your power leaking away.
Cornered, the white very ugly thing turns to fight!
The large abomination hits you but does no damage.
You shout at the large abomination!
A thrashing horror, an ancient zyme and a large abomination come into view.
Evoke which item? (* to show all) (? for menu, Esc to quit)
Zapping:
T - a wand of heal wounds (4/9)
Press: ? - help, Shift-Dir - straight line, f - you Your system partially rejects the healing.
You feel much better.
This wand has 3 charges left.
You hear a bark! x2; You hear a roar! x2
The Executioner gestures.
Cornered, the raiju turns to fight!
The wretched star pulses with an eldritch light!
Your connection to magic feels subdued.
Your connection to magic feels more subdued.
The purple ugly thing basks in the mutagenic energy from its kin and changes!
The shambling mangrove hits you!!
You die... ..≈≈55X.x #.X≈≈XX5≈ XXX33t3XX XRXXXX*5X #5tDhX*S. ####t*XXxhv# . ##.fX*hXX5# #§ #@vGXXv# # # #u###.... . . #uu§ ....# . . #1XX# . #X#XX

# ...
.3#X[.##
#.
.#....#
# ###
#.## . .
.


You could see 17 starcursed masses, a tentacled monstrosity, 2 very ugly things,
a shambling mangrove, a quicksilver dragon, 2 tentacled starspawn, a spatial
maelstrom, 4 wretched stars, a white ugly thing, an Executioner, 2 spatial
vortices, a fire crab (fleeing), an ancient zyme, 2 apocalypse crabs, 3
thrashing horrors, 6 large abominations, a mana viper (fleeing), an eye of
draining, a smoke demon, an efreet, 3 raiju, a neqoxec, 2 ynoxinuls, a small
abomination, a white imp and 5 ufetubi.

Vanquished Creatures
  the Royal Jelly (Slime:5)
  An ancient lich (Vaults:5)
  2 juggernauts
  Boris (Depths:5)
  Frederick (Vaults:2)
  Margery (Vaults:2)
  2 caustic shrikes (Depths:2)
  Jory (Vaults:3)
  2 golden dragons
  3 bone dragons
  Nikola (Elf:1)
  2 liches
  3 tentacled monstrosities
  4 quicksilver dragons
  6 titans
  A deep elf blademaster (Elf:3)
  Frances (D:12)
  2 deep elf master archers (Elf:3)
  12 acid blobs
  7 sphinxes
  Gastronok (Orc:1)
  Polyphemus (Abyss:1)
  2 Executioners
  3 krakens
  10 tentacled starspawn
  Kirke (D:13)
  3 storm dragons
  3 tengu reavers
  A daeva (Abyss:5)
  6 shadow dragons
  Roxanne (D:14)
  Donald (Spider:4)
  5 frost giants
  Ilsuiw (Shoals:4)
  3 iron dragons
  6 fire giants
  10 azure jellies
  Aizul (Spider:4)
  A ghost moth (shapeshifter) (Vaults:1)
  8 deep elf sorcerers
  11 vault wardens
  5 ghost moths (Spider:4)
  A draconian shifter (Depths:5)
  A balrug (Abyss:1)
  15 ironheart preservers
  7 emperor scorpions
  A cacodemon (Abyss:5)
  2 imperial myrmidons (Desolation)
  2 deep elf elementalists
  An angel (Abyss:5)
  A draconian caller (Depths:5)
  4 war gargoyles
  18 very ugly things
  6 entropy weavers
  24 stone giants
  A lorocyproca (Abyss:2)
  5 vampire knights
  2 deep elf demonologists
  3 halazid warlocks (Desolation)
  2 white draconians (Depths:5)
  Azrael (D:12)
  12 deep elf annihilators
  7 spark wasps
  A red draconian (Depths:5)
  An orange crystal statue (WizLab)
  2 yellow draconians (Depths:5)
  The ghost of Turgon the Grappler, a journeyman TrNe of Ashenzari (Lair:6)
  A purple draconian (Depths:5)
  Snorg (Orc:1)
  16 ettins
  4 merfolk impalers
  6 deep elf death magi
  A blizzard demon (Abyss:1)
  A minotaur (Lab)
  2 crystal guardians
  A quicksilver dragon zombie (Depths:2)
  19 great orbs of eyes
  5 deep elf high priests
  4 death oozes
  3 jiangshi
  20 yaktaur captains
  5 merfolk javelineers (Shoals:4)
  Erolcha (Orc:1)
  13 fire dragons
  6 hydras
  6 ragged hierophants (Desolation)
  4 rakshasas
  A ghost crab (Abyss:5)
  13 peacekeepers
  9 servants of whispers (Desolation)
  30 vault guards
  5 spriggan air magi
  A catoblepas (Shoals:3)
  5 merfolk avatars
  10 ice dragons
  15 centaur warriors
  3 death knights
  3 tengu warriors
  2 satyrs
  6 merfolk aquamancers (Shoals:4)
  19 dancing weapons
  An alligator snapping turtle (Shoals:4)
  15 ogre magi
  Erica (Lair:2)
  2 death yaks (Shoals:3)
  7 deep troll shamans
  9 deep troll earth magi
  5 vampire magi
  3 orc high priests (Orc:2)
  Urug (D:11)
  A soul eater (Abyss:5)
  5 spriggan berserkers
  A shock serpent (shapeshifter) (Depths:3)
  23 hell knights
  4 sun demons
  22 thrashing horrors
  7 wretched stars (Abyss:5)
  18 large abominations
  12 deep elf knights
  A sixfirhy (Abyss:1)
  A shadow wraith (Vaults:4)
  A fire crab (shapeshifter) (D:15)
  22 deep trolls
  5 flayed ghosts
  An anaconda zombie (Abyss:5)
  20 sea snakes
  2 unseen horrors
  A sea snake (shapeshifter) (Elf:1)
  9 glowing orange brains
  8 hill giants
  23 starcursed masses
  13 wizards
  22 harpies
  Pikel (D:8)
  7 phantasmal warriors
  13 orc knights
  25 ironbrand convokers
  A swamp dragon (shapeshifter) (Vaults:5)
  A lindwurm (Lair:6)
  15 necromancers
  10 deep elf archers
  A frost giant zombie (Vaults:2)
  40 wolf spiders
  56 ugly things
  16 manticores
  25 orb spiders
  A fire giant zombie (Vaults:2)
  A salamander (shapeshifter) (Vaults:3)
  10 fauns
  3 worldbinders (Abyss:1)
  2 wolf spiders (shapeshifter)
  14 cyclopes
  6 orc sorcerers
  4 shining eyes
  An orb spider (shapeshifter) (Depths:2)
  2 stone giant zombies
  109 slime creatures
  4 salamanders
  67 deep elf magi
  A cyclops (shapeshifter) (D:15)
  A black mamba (shapeshifter) (Vaults:1)
  A moth of wrath (shapeshifter) (Vaults:5)
  3 guardian serpents (Desolation)
  2 frost giant skeletons (Depths:2)
  A centaur zombie (D:10)
  A moth of wrath (Spider:3)
  6 black mambas
  19 sirens
  Maurice (D:8)
  2 stone giant skeletons
  14 vault sentinels
  5 water nymphs
  8 eyes of devastation
  Psyche (D:12)
  3 orange demons
  An elephant (shapeshifter) (Abyss:5)
  2 guardian serpents (shapeshifter)
  A molten gargoyle (Desolation)
  A torpor snail (Spider:1)
  3 apocalypse crabs
  5 smoke demons
  15 spiny frogs
  2 hellions
  A rime drake (shapeshifter) (Depths:3)
  5 komodo dragons
  2 human zombies
  4 kobold demonologists
  A rime drake (Lair:6)
  51 yaktaurs
  14 demonic crawlers
  An efreet (D:15)
  4 harpy zombies (Shoals:1)
  An ice devil (Abyss:1)
  A spriggan skeleton (Depths:2)
  5 freezing wraiths
  A red devil (Abyss:1)
  A tengu conjurer (Depths:4)
  A polar bear (shapeshifter) (Depths:2)
  11 ancient zymes
  26 merfolk
  A meliai (shapeshifter) (Vaults:5)
  A tyrant leech (shapeshifter) (Vaults:5)
  A silent spectre (Abyss:5)
  9 trolls
  15 hornets
  A queen bee (shapeshifter) (Vaults:2)
  37 jumping spiders
  2 polar bears (Lair:6)
  5 wind drakes
  A raiju (shapeshifter) (Depths:5)
  A two-headed ogre (shapeshifter) (Abyss:5)
  11 dream sheep (Shoals:3)
  A wind drake (shapeshifter) (Depths:2)
  11 snapping turtles
  30 two-headed ogres
  A hydra skeleton (Abyss:5)
  A dream sheep (shapeshifter) (Vaults:5)
  70 saltlings (Desolation)
  19 blink frogs
  7 hippogriffs
  A snapping turtle (shapeshifter) (Depths:2)
  15 raiju
  A frost giant simulacrum (Vaults:2)
  27 tarantellas
  An ettin zombie (Vaults:5)
  65 redbacks
  17 spriggans
  10 air elementals
  2 hippogriffs (shapeshifter)
  A tarantella (shapeshifter) (Depths:3)
  7 flying skulls
  A fire bat (shapeshifter) (Vaults:3)
  3 hogs (shapeshifter)
  2 shadows (D:11)
  A wraith (Vaults:2)
  3 vampires
  A spriggan (shapeshifter) (D:14)
  7 hogs
  13 water elementals
  2 yaks (shapeshifter)
  50 yaks
  5 ynoxinuls
  A human (D:8)
  4 basilisks
  25 golden eyes
  3 wyverns
  2 neqoxecs
  2 vampire mosquitoes (D:12)
  3 golden eyes (shapeshifter)
  7 fire elementals
  Grum (D:9)
  A hungry ghost (D:14)
  2 human simulacra
  8 small abominations
  4 wargs
  An insubstantial wisp (Abyss:1)
  3 soldier ants (shapeshifter)
  A soldier ant (Elf:1)
  5 hell hounds
  10 porcupines
  A hell hound (shapeshifter) (Depths:2)
  11 water moccasins
  A swamp drake (shapeshifter) (Depths:2)
  41 orc warriors
  An ice beast (D:12)
  6 sky beasts
  7 eyes of draining
  7 black bears
  A hornet zombie (D:7)
  5 phantoms
  18 centaurs
  8 boggarts
  68 ogres
  28 wolves
  12 crocodiles
  A hippogriff zombie (Shoals:1)
  6 big kobolds
  A big kobold (shapeshifter) (Vaults:3)
  2 gnoll sergeants
  14 bullfrogs
  2 earth elementals
  A wyvern zombie (D:12)
  2 wyvern skeletons
  A water moccasin zombie (D:6)
  6 scorpions
  A water moccasin skeleton (D:9)
  19 killer bees
  2 vampire bats (D:4)
  An elf simulacrum (Vaults:3)
  A howler monkey (D:7)
  21 wights
  2 electric eels
  11 crimson imps
  3 bullfrog zombies
  A quasit (D:11)
  A two-headed ogre zombie (Orc:1)
  3 hounds
  2 jellies
  3 centaur skeletons
  19 orc priests
  19 orc wizards
  6 bullfrog skeletons
  2 iron imps
  4 iguanas
  7 hell rats (Lair:6)
  22 worker ants
  An ogre zombie (Orc:1)
  A hound zombie (D:13)
  A hound skeleton (D:5)
  2 worker ant zombies
  11 gnolls
  10 adders
  2 river rats (D:11)
  6 shadow imps
  3 white imps
  3 ufetubi (Abyss:1)
  2 oozes
  An adder zombie (D:9)
  7 worms
  2 dart slugs (D:3)
  5 leopard geckos
  80 orcs
  2 ball pythons
  20 bats
  4 bat skeletons (D:4)
  3 bat zombies
  6 giant cockroaches
  5 goblins
  5 hobgoblins
  12 jackals
  6 quokkas
  6 frilled lizards
  A jackal skeleton (D:4)
  30 kobolds
  A leopard gecko zombie (D:7)
  18 rats
  4 crawling corpses (Elf:3)
  6 starspawn tentacles
  7 tentacles
2647 creatures vanquished.

Vanquished Creatures (collateral kills)
  A bullfrog zombie (D:12)
  A quasit (D:12)
2 creatures vanquished.

Vanquished Creatures (others)
  A deep elf master archer (Elf:3)
  A kraken (Abyss:5)
  A vault warden (Vaults:4)
  A stone giant (Depths:3)
  A very ugly thing (Abyss:5)
  A merfolk javelineer (Shoals:4)
  7 yaktaur captains
  A deep elf high priest (Elf:3)
  A satyr (Shoals:3)
  A thrashing horror (Abyss:5)
  A hell hog (Volcano)
  A large abomination (Abyss:1)
  2 deep elf knights (Vaults:3)
  5 deep elf archers
  An ironbrand convoker (Desolation)
  A faun (Shoals:1)
  A deep elf mage (Elf:1)
  A cyclops (Orc:2)
  A shining eye (Abyss:5)
  15 yaktaurs
  A saltling (Desolation)
  A neqoxec (Abyss:5)
  An orc warrior (Orc:2)
  An ogre (Depths:1)
  A centaur (Depths:1)
  2 orc priests (Orc:2)
  A worker ant (D:13)
  An orc (Orc:1)
  13 bushes (Abyss:5)
  11 demonic plants (Abyss:5)
  21 fungi
  A lurking horror (Abyss:5)
  12 plants
  19 starspawn tentacles
  17 tentacles
148 creatures vanquished.

Grand Total: 2797 creatures vanquished

Notes
Turn   | Place    | Note
-------+----------+-------------------------------------------
     0 | D:1      | dobroeutro the Gargoyle Fighter began the quest for the Orb.
     0 | D:1      | Reached XP level 1. HP: 14/14 MP: 1/1
    51 | D:1      | Reached XP level 2. HP: 7/19 MP: 2/2
   301 | D:2      | Reached skill level 3 in Maces & Flails
   373 | D:2      | Reached XP level 3. HP: 16/23 MP: 3/3
   516 | D:2      | Found a sacrificial altar of Ru.
   629 | D:3      | Reached skill level 4 in Maces & Flails
   647 | D:2      | Reached XP level 4. HP: 23/28 MP: 4/4
   801 | D:3      | Found a hide-covered altar of Uskayaw.
   806 | D:3      | Found a glowing golden altar of the Shining One.
   909 | D:4      | Noticed an orc warrior
   980 | D:3      | Found a shadowy altar of Dithmenos.
  1013 | D:3      | Found a blossoming altar of Fedhas.
  1020 | D:3      | Found a glowing silver altar of Zin.
  1085 | D:4      | Found Bianill's Assorted Antiques.
  1107 | D:5      | Entered Level 5 of the Dungeon
  1124 | D:5      | Found a blossoming altar of Fedhas.
  1159 | D:5      | Reached skill level 5 in Maces & Flails
  1159 | D:5      | Reached XP level 5. HP: 25/32 MP: 5/5
  1390 | D:6      | Noticed a centaur
  1400 | D:5      | Noticed a sky beast
  1431 | D:5      | Killed a sky beast
  1431 | D:5      | Reached skill level 6 in Maces & Flails
  1431 | D:5      | Reached XP level 6. HP: 10/37 MP: 6/6
  1436 | D:5      | Gained mutation: You are agile. (Dex +2) [mutagenic meat]
  1842 | D:5      | Reached skill level 7 in Maces & Flails
  1943 | D:5      | Reached XP level 7. HP: 36/41 MP: 7/7
  2190 | D:4      | Reached skill level 8 in Maces & Flails
  2709 | D:4      | Found an ancient bone altar of Kikubaaqudgha.
  2715 | D:4      | Reached skill level 9 in Maces & Flails
  2715 | D:4      | Reached XP level 8. HP: 46/46 MP: 8/8
  2795 | D:4      | Found a stormy altar of Qazlal.
  3293 | D:3      | Found a basalt altar of Yredelemnul.
  4460 | D:6      | Found a staircase to the Ecumenical Temple.
  4470 | Temple   | Entered the Ecumenical Temple
  4549 | Temple   | Became a worshipper of Warmaster Okawaru
  4609 | D:6      | Reached skill level 1 in Dodging
  4683 | D:6      | Found Wanlu's Armour Boutique.
  4698 | D:6      | Reached * piety under Okawaru
  4882 | D:6      | Reached skill level 10 in Maces & Flails
  4882 | D:6      | Reached XP level 9. HP: 44/52 MP: 9/9
  5174 | D:7      | Reached skill level 5 in Armour
  5303 | D:7      | Reached skill level 5 in Fighting
  5343 | D:7      | Reached ** piety under Okawaru
  5533 | D:7      | Found a radiant altar of Vehumet.
  5987 | D:8      | Reached skill level 11 in Maces & Flails
  6029 | D:8      | Reached XP level 10. HP: 55/60 MP: 10/10
  6042 | D:8      | Noticed Maurice
  6071 | D:8      | Killed Maurice
  6071 | D:8      | Reached *** piety under Okawaru
  6323 | D:8      | Reached **** piety under Okawaru
  6661 | D:8      | Noticed Pikel
  6684 | D:8      | Killed Pikel
  6684 | D:8      | Reached skill level 12 in Maces & Flails
  6772 | D:9      | Noticed Grum
  6789 | D:9      | Killed Grum
  6820 | D:9      | Reached ***** piety under Okawaru
  6820 | D:9      | Reached skill level 5 in Dodging
  6856 | D:9      | Found a stormy altar of Qazlal.
  6880 | D:9      | Reached XP level 11. HP: 66/67 MP: 11/11
  6890 | D:9      | Received a gift from Okawaru
  7369 | D:9      | Found a bloodstained altar of Trog.
  7659 | D:10     | Entered Level 10 of the Dungeon
  8320 | D:10     | Found a shimmering altar of Xom.
  8564 | D:11     | Noticed a hill giant
  8573 | D:11     | Killed a hill giant
  8616 | D:11     | Noticed a green ugly thing
  8627 | D:11     | Killed a green ugly thing
  8632 | D:11     | Gained mutation: You have a pair of small horns on your head. [mutagenic meat]
  8633 | D:11     | Gained mutation: You are partially covered in rugged brown scales. (AC +1, +3% HP) [mutagenic meat]
  8634 | D:11     | Gained mutation: You have a pair of horns on your head. [mutagenic meat]
  8635 | D:11     | Lost mutation: You are agile. (Dex +2) [mutagenic meat]
  8679 | D:11     | Reached skill level 13 in Maces & Flails
  8740 | D:11     | Noticed a phantasmal warrior
  8754 | D:11     | Killed a phantasmal warrior
  8808 | D:11     | Noticed a purple ugly thing
  8815 | D:11     | Killed a purple ugly thing
  8820 | D:11     | Gained mutation: [Your body sometimes deteriorates upon taking damage.] [mutagenic meat]
  8836 | D:11     | Noticed a flayed ghost
  8846 | D:11     | Killed a flayed ghost
  8851 | D:11     | Got a pair of fine boots
  8862 | D:11     | Identified the +0 pair of boots of the Stars {Int+6 Slay+5 Stlth-} (You found it on level 11 of the Dungeon)
  8936 | D:11     | Noticed a centaur warrior
  8942 | D:11     | Killed a centaur warrior
  8947 | D:11     | Noticed a green ugly thing
  8949 | D:11     | Noticed a cyclops
  8952 | D:11     | Noticed a stone giant
  8953 | D:11     | Killed a green ugly thing
  8953 | D:11     | Reached XP level 12. HP: 73/77 MP: 12/12
  8958 | D:11     | Killed a stone giant
  8958 | D:11     | Received a gift from Okawaru
  9210 | D:11     | Noticed a fire giant
  9216 | D:11     | Noticed a tengu reaver
  9217 | D:11     | Killed a fire giant
  9234 | D:11     | Killed a tengu reaver
  9234 | D:11     | Reached skill level 14 in Maces & Flails
  9257 | D:11     | Noticed Urug
  9384 | D:11     | Reached skill level 5 in Shields
  9520 | D:11     | Killed Urug
  9683 | D:11     | Found a staircase to the Orcish Mines.
  9877 | D:11     | Found a staircase to the Lair.
 10174 | D:11     | Got an encrusted plate armour
 10185 | D:11     | Identified the +9 plate armour "Qec Fuam" {+Blink rElec MP+9} (You found it on level 11 of the Dungeon)
 10239 | Lair:1   | Entered Level 1 of the Lair of Beasts
 10311 | Lair:1   | Reached XP level 13. HP: 84/84 MP: 13/13
 10359 | Lair:1   | Reached skill level 10 in Fighting
 10359 | Lair:1   | Reached skill level 10 in Armour
 10463 | Lair:1   | Reached ****** piety under Okawaru
 10934 | Lair:2   | Noticed Erica
 10944 | Lair:2   | Received a gift from Okawaru
 10947 | Lair:2   | Killed Erica
 11013 | Lair:2   | Found a hole to the Spider Nest.
 11582 | Lair:3   | Found a dark tunnel.
 11591 | Volcano  | Entered a volcano
 11913 | Lair:3   | Found a staircase to the Shoals.
 12760 | Lair:4   | Reached skill level 15 in Maces & Flails
 12843 | Lair:4   | Received a gift from Okawaru
 12848 | Lair:4   | Got a transparent plate armour {god gift}
 12859 | Lair:4   | Identified the +1 plate armour "Liboziweumm" {rF+ Dex+2} (Okawaru gifted it to you on level 4 of the Lair of Beasts)
 14253 | Lair:5   | Gained mutation: Your large and strong wings let you fly indefinitely. [Gargoyle growth]
 14253 | Lair:5   | Reached XP level 14. HP: 92/92 MP: 14/14
 14357 | Lair:5   | Found a staircase to the Slime Pits.
 14489 | Lair:6   | Entered Level 6 of the Lair of Beasts
 14874 | Lair:6   | Noticed Turgon's ghost (journeyman TrNe)
 14879 | Lair:6   | Received a gift from Okawaru
 14936 | Lair:6   | Killed Turgon's ghost
 15525 | Lair:6   | Reached skill level 16 in Maces & Flails
 16289 | D:12     | Noticed Frances
 16318 | D:12     | Killed Frances
 16430 | D:12     | Noticed Psyche
 16441 | D:12     | Killed Psyche
 16457 | D:12     | Noticed Azrael
 16457 | D:12     | Received a gift from Okawaru
 16475 | D:12     | Killed Azrael
 16479 | D:12     | Reached XP level 15. HP: 36/98 MP: 15/15
 17553 | D:13     | Found a gate to the Vaults.
 17757 | D:13     | Noticed Kirke
 17953 | D:13     | Killed Kirke
 18159 | D:13     | Received a gift from Okawaru
 18464 | D:14     | Found a labyrinth entrance.
 18475 | Lab      | Entered a labyrinth
 19007 | D:14     | Found a snail-covered altar of Cheibriados.
 19153 | D:14     | Noticed Roxanne
 19979 | D:15     | Entered Level 15 of the Dungeon
 20191 | D:15     | Reached skill level 17 in Maces & Flails
 20362 | D:15     | Reached skill level 10 in Shields
 20776 | D:15     | Received a gift from Okawaru
 20828 | D:15     | Found a staircase to the Depths.
 21044 | D:14     | Killed Roxanne
 21045 | D:14     | Identified Roxanne's Tome of Transmutation (You took it off Roxanne on level 14 of the Dungeon)
 21061 | D:14     | Gained mutation: [You tend to lose your temper in combat.] [mutagenic meat]
 21062 | D:14     | Lost mutation: [Your body sometimes deteriorates upon taking damage.] [mutagenic meat]
 21158 | Orc:1    | Entered Level 1 of the Orcish Mines
 21158 | Orc:1    | Noticed Snorg
 21165 | Orc:1    | Killed Snorg
 21168 | Orc:1    | Noticed Gastronok
 21355 | Orc:1    | Killed Gastronok
 21355 | Orc:1    | Reached XP level 16. HP: 102/106 MP: 16/16
 21632 | Orc:1    | Noticed Erolcha
 21637 | Orc:1    | Killed Erolcha
 21753 | Orc:1    | Found Nol Limush's Armour Shop.
 22199 | Orc:2    | Entered Level 2 of the Orcish Mines
 22416 | Orc:2    | Found a staircase to the Elven Halls.
 22509 | Orc:2    | Found Eduicug's Magic Scroll Shoppe.
 22526 | Orc:2    | Gained mutation: You are partially covered in iridescent scales. (AC +2) [a neqoxec]
 22535 | Orc:2    | Received a gift from Okawaru
 23570 | Orc:2    | Found Piv Atas's Food Shoppe.
 23571 | Orc:2    | Found Xaof's Food Shop.
 23576 | Orc:2    | Found Gadghil's Antique Armour Shop.
 23631 | Orc:2    | Bought a scroll of brand weapon for 280 gold pieces
 23635 | Orc:2    | Bought a runed shield for 325 gold pieces
 23774 | Orc:1    | Reached skill level 10 in Dodging
 23891 | Spider:1 | Entered Level 1 of the Spider Nest
 24212 | Spider:1 | Reached skill level 18 in Maces & Flails
 24279 | Spider:1 | Received a gift from Okawaru
 24946 | Spider:2 | Reached XP level 17. HP: 74/112 MP: 17/17
 25325 | Spider:2 | Received a gift from Okawaru
 26539 | Spider:3 | Identified a scroll of acquirement
 26886 | Spider:4 | Entered Level 4 of the Spider Nest
 26928 | Spider:4 | Received a gift from Okawaru
 26948 | Spider:4 | Gained mutation: You are somewhat resistant to further mutation. [mutagenic meat]
 26949 | Spider:4 | Gained mutation: You are covered in fur. (AC +1) [mutagenic meat]
 27268 | Spider:4 | Got a gossamer rune of Zot
 27315 | Spider:4 | Reached skill level 19 in Maces & Flails
 27606 | Spider:4 | Reached XP level 18. HP: 113/120 MP: 0/18
 27619 | Spider:4 | Noticed Donald
 27630 | Spider:4 | Killed Donald
 27654 | Spider:4 | Noticed Aizul
 27669 | Spider:4 | Killed Aizul
 28107 | Shoals:1 | Entered Level 1 of the Shoals
 28199 | Shoals:1 | Received a gift from Okawaru
 28202 | Shoals:1 | Got a scorched chain mail {god gift}
 28213 | Shoals:1 | Identified the +0 chain mail of Sisur {rC+ MR+ rCorr} (Okawaru gifted it to you on level 1 of the Shoals)
 29118 | Shoals:2 | Identified a +4 rod of clouds (11/11) (You found it in a labyrinth)
 29702 | Shoals:3 | Reached skill level 15 in Fighting
 29821 | Shoals:3 | Noticed Polyphemus
 29828 | Shoals:3 | Banished Polyphemus
 29941 | Shoals:3 | Received a gift from Okawaru
 30664 | Shoals:3 | Reached skill level 15 in Armour
 30679 | Shoals:4 | Entered Level 4 of the Shoals
 30784 | Shoals:4 | Reached XP level 19. HP: 127/127 MP: 19/19
 30852 | Shoals:4 | Found Ykufaal's Food Shoppe.
 31152 | Shoals:4 | Reached skill level 20 in Maces & Flails
 31184 | Shoals:4 | Got a barnacled rune of Zot
 31488 | Shoals:4 | Noticed Ilsuiw
 31508 | Shoals:4 | Killed Ilsuiw
 31535 | Shoals:4 | Received a gift from Okawaru
 32165 | Depths:1 | Entered Level 1 of the Depths
 32165 | Depths:1 | Found a corrupted altar of Lugonu.
 32716 | Depths:1 | Found Xogip's Antique Weapon Boutique.
 32716 | Depths:1 | Found Reig's Magic Scroll Shop.
 32732 | Depths:1 | Bought a scroll of enchant weapon for 180 gold pieces
 33112 | Depths:1 | Found a gateway to a ziggurat.
 33224 | Depths:1 | Received a gift from Okawaru
 33224 | Depths:1 | Reached XP level 20. HP: 134/134 MP: 20/20
 33551 | Depths:1 | Found a gateway to Hell.
 33986 | Elf:1    | Entered Level 1 of the Elven Halls
 34000 | Elf:1    | Received a gift from Okawaru
 34118 | Elf:1    | Found a magical portal.
 34131 | WizLab   | Entered Wucad Mu's Monastery
 34181 | WizLab   | HP: 9/201 [grey draconian monk[old memories] (5)]
 34861 | WizLab   | Reached skill level 1 in Evocations
 34861 | WizLab   | Reached XP level 21. HP: 121/140 MP: 13/22
 35381 | Elf:1    | Noticed Nikola
 35410 | Elf:1    | Killed Nikola
 35683 | Elf:1    | Reached skill level 21 in Maces & Flails
 35988 | Vaults:1 | Entered Level 1 of the Vaults
 36048 | Vaults:1 | Received a gift from Okawaru
 36905 | Vaults:1 | Received a gift from Okawaru
 37027 | Vaults:1 | Found Mairphowk's Gadget Shoppe.
 37334 | Vaults:2 | Noticed Margery
 37349 | Vaults:2 | Killed Margery
 37569 | Vaults:2 | Found a staircase to the Crypt.
 37569 | Vaults:2 | Found an ancient bone altar of Kikubaaqudgha.
 37570 | Vaults:2 | Found a basalt altar of Yredelemnul.
 37643 | Vaults:2 | Reached skill level 15 in Shields
 37777 | Vaults:2 | Noticed Frederick
 37803 | Vaults:2 | Received a gift from Okawaru
 37815 | Vaults:2 | Killed Frederick
 37826 | Vaults:2 | Reached XP level 22. HP: 76/149 MP: 23/23
 38310 | Vaults:2 | Found Xihex's Gadget Boutique.
 38887 | Vaults:3 | Found Ehuhaly's Antique Armour Emporium.
 38977 | Vaults:3 | Noticed Jory
 38988 | Vaults:3 | Killed Jory
 38988 | Vaults:3 | Received a gift from Okawaru
 39078 | Vaults:3 | Found a ruined gateway.
 39094 | Desolati | Entered the Desolation of Salt
 39482 | Desolati | Got a twitching platinum ring
 39484 | Desolati | Identified the ring "Toatsopo" {EV+3 Str+4 Dex+3} (You found it in the Desolation of Salt)
 39496 | Desolati | Identified the Guide on Flamy Cold
 39650 | Desolati | Reached skill level 22 in Maces & Flails
 40088 | Desolati | Got a fine zirconium amulet
 40148 | Desolati | Got a warped granite ring
 40150 | Desolati | Identified the ring of Gefot {rPois Str+6 Stlth-} (You found it in the Desolation of Salt)
 41177 | Vaults:3 | Received a gift from Okawaru
 41196 | Vaults:3 | Reached XP level 23. HP: 138/157 MP: 24/24
 41199 | Vaults:3 | Got an ichor-stained mace {god gift}
 41200 | Vaults:3 | Identified the +5 mace of the Assorted Spirits {flame, Stlth+} (Okawaru gifted it to you on level 3 of the Vaults)
 42065 | Vaults:3 | Identified the amulet of Gouluroi {Faith rElec rPois MR+} (You took it off a servant of whispers in the Desolation of Salt)
 42355 | Vaults:4 | Found a portal to a secret trove of treasure.
 42925 | Vaults:4 | Received a gift from Okawaru
 44350 | Elf:2    | Found a huge runed gate.
 44350 | Elf:2    | Found a huge runed gate.
 44350 | Elf:2    | Found a huge runed gate.
 44350 | Elf:2    | Found a huge runed gate.
 44350 | Elf:2    | Found a huge runed gate.
 44691 | Elf:2    | Got a translucent morningstar
 44692 | Elf:2    | Identified the +12 morningstar of Anger {drain, *Rage rElec rC+++ Dex-4} (You found it on level 2 of the Elven Halls)
 45002 | Elf:3    | Entered Level 3 of the Elven Halls
 45576 | Elf:3    | Reached skill level 23 in Maces & Flails
 45607 | Elf:3    | Received a gift from Okawaru
 45847 | Elf:3    | Reached XP level 24. HP: 166/166 MP: 24/24
 46465 | Elf:3    | Got a sparkling amber ring
 46541 | Elf:3    | Identified the ring "Guimefid" {*Tele Dex+2 Slay+4} (You took it off a deep elf master archer on level 3 of the Elven Halls)
 46608 | Elf:3    | Got a faintly glowing cloak
 46619 | Elf:3    | Identified the cursed -4 cloak "Wiferu" {rElec rPois MP+9 Dex+4} (You found it on level 3 of the Elven Halls)
 46633 | Elf:3    | Identified the Papyrus of the Gliding Escort
 46680 | Elf:3    | Identified a +2 rod of clouds (6/12) (You took it off a deep elf death mage on level 3 of the Elven Halls)
 47922 | Depths:2 | Received a gift from Okawaru
 48082 | Depths:2 | Received a gift from Okawaru
 48153 | Depths:2 | Noticed a caustic shrike
 48153 | Depths:2 | Noticed a caustic shrike
 48155 | Depths:2 | Noticed a juggernaut
 48160 | Depths:2 | Killed a caustic shrike
 48167 | Depths:2 | Killed a caustic shrike
 48175 | Depths:2 | Killed a juggernaut
 48718 | Depths:2 | Reached XP level 25. HP: 174/174 MP: 24/24
 49008 | Depths:2 | Received a gift from Okawaru
 49110 | Depths:3 | Noticed a juggernaut
 49191 | Depths:3 | Reached skill level 24 in Maces & Flails
 49367 | Depths:3 | Got a glittering silver amulet
 49609 | Depths:3 | Found Qyogoen's Distillery.
 49617 | Depths:3 | Bought a potion of haste for 230 gold pieces
 49617 | Depths:3 | Bought a potion of heal wounds for 115 gold pieces
 49617 | Depths:3 | Gained mutation: Your muscles are strong. (Str +2) [potion of beneficial mutation]
 49619 | Depths:3 | Gained mutation: Your muscles are very strong. (Str +4) [potion of beneficial mutation]
 49711 | Depths:3 | Found a one-way gate leading to the halls of Pandemonium.
 50373 | Depths:3 | Found a shimmering altar of Xom.
 50428 | Depths:3 | Killed a juggernaut
 50825 | Depths:4 | Found Doin's Magic Scroll Boutique.
 50834 | Depths:4 | Bought a scroll of identify for 44 gold pieces
 50834 | Depths:4 | Bought a scroll of brand weapon for 440 gold pieces
 50834 | Depths:4 | Bought a scroll of enchant weapon for 165 gold pieces
 50834 | Depths:4 | Bought a scroll of immolation for 77 gold pieces
 50834 | Depths:4 | Bought a scroll of enchant weapon for 165 gold pieces
 50834 | Depths:4 | Bought a scroll of teleportation for 66 gold pieces
 50834 | Depths:4 | Bought a scroll of blinking for 165 gold pieces
 50834 | Depths:4 | Bought a scroll of identify for 44 gold pieces
 50838 | Depths:4 | Identified the amulet "Vaopumni" {Gourm *Slow +Fly rPois} (You found it on level 3 of the Depths)
 51104 | Depths:4 | Found Veelotuu's Gadget Shop.
 51104 | Depths:4 | Found Hein's Jewellery Shoppe.
 51105 | Depths:4 | Found Ferezat's Jewellery Shoppe.
 51373 | Depths:4 | Received a gift from Okawaru
 51467 | Depths:4 | Found a one-way gate to the infinite horrors of the Abyss.
 51646 | Depths:5 | Entered Level 5 of the Depths
 51679 | Depths:5 | Reached skill level 15 in Dodging
 51842 | Depths:5 | Noticed Boris
 51861 | Depths:5 | Killed Boris
 52018 | Depths:5 | Reached XP level 26. HP: 154/182 MP: 24/24
 52522 | Depths:5 | Found a gate to the Realm of Zot.
 53387 | Orc:2    | Bought a scroll of enchant armour for 105 gold pieces
 53770 | Vaults:5 | Entered Level 5 of the Vaults
 53776 | Vaults:5 | Reached skill level 25 in Maces & Flails
 54399 | Vaults:5 | Received a gift from Okawaru
 54650 | Vaults:5 | Identified Mejocik's Collected Works on Icy Transmigration
 55073 | Vaults:5 | Received a gift from Okawaru
 55085 | Vaults:5 | Reached XP level 27. HP: 182/188 MP: 24/24
 55100 | Vaults:5 | Got a pitted ruby amulet
 55211 | Vaults:5 | Noticed an ancient lich
 55221 | Vaults:5 | Killed an ancient lich
 55420 | Vaults:5 | Got a coiled silver ring
 55422 | Vaults:5 | Identified the ring "Ziunan" {rC+ Int+5} (You acquired it on level 5 of the Vaults)
 55423 | Vaults:5 | Identified the amulet of Woddyn {Faith rElec Str+3} (You took it off a deep elf mage on level 5 of the Vaults)
 55426 | Vaults:5 | Got a flickering jade ring
 55427 | Vaults:5 | Identified the ring "Soshi" {+Fly rN+++ Dex-4 Slay-3 SInv} (You took it off a vault sentinel on level 5 of the Vaults)
 55460 | Vaults:5 | Got a silver rune of Zot
 55590 | Vaults:5 | Identified a +1 rod of ignition (10/10) (You found it on level 5 of the Vaults)
 56210 | Vaults:5 | Got a fine plate armour
 56221 | Vaults:5 | Identified the +0 plate armour of Defiance {+Inv +Fly Int-2} (You found it on level 5 of the Vaults)
 56722 | Depths:4 | Bought the ring "Nib Guek" {rCorr rF+} for 646 gold pieces
 57053 | Slime:1  | Entered Level 1 of the Pits of Slime
 57249 | Slime:5  | Entered Level 5 of the Pits of Slime
 57399 | Slime:4  | Gained mutation: Armour fits poorly on your strangely shaped body. [a shining eye]
 58036 | Slime:5  | Received a gift from Okawaru
 58567 | Slime:5  | Reached skill level 26 in Maces & Flails
 58685 | Slime:5  | Noticed the Royal Jelly
 58702 | Slime:5  | Killed the Royal Jelly
 58702 | Slime:5  | Received a gift from Okawaru
 59159 | Slime:5  | Identified the cursed ring of the Empire {Str+6 Int-3} (You found it on level 5 of the Pits of Slime)
 59161 | Slime:5  | Got a slimy rune of Zot
 59670 | Depths:4 | Voluntarily entered the Abyss.
 59670 | Abyss:1  | Found a corrupted altar of Lugonu.
 60136 | Abyss:1  | Killed Polyphemus
 60136 | Abyss:1  | Received a gift from Okawaru
 60182 | Abyss:1  | Found a corrupted altar of Lugonu.
 60718 | Abyss:4  | Found a corrupted altar of Lugonu.
 60741 | Abyss:4  | Paralysed by accursed screaming for 1 turns
 60852 | Abyss:5  | Entered Level 5 of the Abyss
 60934 | Abyss:5  | Gained mutation: [Scrolls take you a little longer to read.] [a shining eye]
 61003 | Abyss:5  | Received a gift from Okawaru
 61215 | Abyss:5  | Reached skill level 27 in Maces & Flails
 61525 | Abyss:5  | Reached skill level 1 in Stealth
 61586 | Abyss:5  | Gained mutation: You occasionally shout uncontrollably at your foes. [a neqoxec]
 61599 | Abyss:5  | Received a gift from Okawaru
 61671 | Abyss:5  | Paralysed by accursed screaming for 2 turns
 61674 | Abyss:5  | Paralysed by accursed screaming for 2 turns
 61676 | Abyss:5  | HP: 5/135 [starcursed mass/accursed screaming (15)]
 61677 | Abyss:5  | Slain by a shambling mangrove

Skill      XL: |  1  2  3  4  5  6  7  8  9 10 11 12 13 14 15 16 17 18 19 20 21 22 23 24 25 26 27 |
---------------+----------------------------------------------------------------------------------+-----
Maces & Flails | 3 4 5 6 7 9 10 11 12 13 14 15 16 17 18 19 20 21 22 23 24 25 27 | 27.0
Dodging        | 2 3 5 6 7 8 9 10 11 12 13 14 15 16 | 16.6
Fighting       | 4 6 7 8 9 11 12 13 14 15 16 17 18 19 20 21 22 | 22.5
Armour         | 4 6 7 9 10 11 12 13 14 15 16 17 18 19 20 | 20.9
Shields        | 5 7 9 10 11 12 13 14 15 16 17 18 20 | 20.1
Invocations    | 2 3 |  3.3
Evocations     | 1 3 |  3.1
Stealth        | 2 |  2.8

Action                   |  1- 3 |  4- 6 |  7- 9 | 10-12 | 13-15 | 16-18 | 19-21 | 22-24 | 25-27 || total
-------------------------+-------+-------+-------+-------+-------+-------+-------+-------+-------++-------
Melee: Flail             |   107 |   171 |       |       |       |       |       |       |       ||   278
       Morningstar       |       |     7 |   463 |   631 |  1272 |  1477 |  1269 |   608 |  1940 ||  7667
       Headbutt          |       |       |       |    67 |   326 |   415 |   361 |   470 |   584 ||  2223
       Unarmed           |       |       |       |       |     3 |       |       |       |       ||     3
       Eveningstar       |       |       |       |       |       |       |       |   983 |       ||   983
Invok: Heroism           |       |       |       |     3 |     7 |     3 |     8 |     1 |     1 ||    23
       Finesse           |       |       |       |       |       |       |       |       |     3 ||     3
 Abil: Fly               |       |       |       |       |       |     1 |       |       |       ||     1
Evoke: Wand              |       |       |       |     1 |     3 |       |     2 |       |     8 ||    14
       Phial of floods   |       |       |       |       |     1 |     1 |     1 |     1 |       ||     4
       Disc of storms    |       |       |       |       |       |       |     1 |       |       ||     1
       Rod               |       |       |       |       |       |       |       |     1 |       ||     1
  Use: Scroll            |       |     5 |     5 |     5 |    20 |    12 |     8 |    21 |    26 ||   102
       Potion            |       |       |       |       |     3 |     1 |     7 |     8 |     8 ||    27
 Stab: Sleeping          |       |       |     1 |     6 |       |       |       |       |       ||     7
       Distracted        |       |       |     1 |       |       |       |     1 |     1 |     1 ||     4
       Confused          |       |       |       |       |       |     1 |     3 |       |       ||     4
       Petrified         |       |       |       |       |       |     7 |    10 |       |       ||    17
       Paralysed         |       |       |       |       |       |     4 |    12 |     1 |       ||    17
       Petrifying        |       |       |       |       |       |     2 |     7 |       |       ||     9
  Eat: Chunk             |       |     5 |    12 |    20 |    22 |    16 |    15 |    23 |    13 ||   126
       Pizza             |       |       |       |     2 |       |     6 |     4 |     1 |     3 ||    16
       Beef jerky        |       |       |       |       |     4 |       |     2 |     4 |     3 ||    13
       Meat ration       |       |       |       |       |     3 |     2 |       |     2 |     3 ||    10
       Royal jelly       |       |       |       |       |       |       |       |       |     2 ||     2
Armor: Scale mail        |    77 |   110 |     2 |       |       |       |       |       |       ||   189
       Shadow dragon sca |       |       |   287 |   351 |       |       |       |       |       ||   638
       Plate armour      |       |       |       |     2 |   800 |   767 |   768 |   535 |       ||  2872
       Fire dragon scale |       |       |       |       |       |       |       |   107 |   665 ||   772
Dodge: Dodged            |    44 |    58 |    99 |   177 |   409 |   565 |   578 |   598 |   688 ||  3216
Block: Shield            |    82 |    87 |   252 |   280 |   708 |  1759 |  1609 |  1640 |  1681 ||  8098
       Reflection        |       |       |       |       |       |    54 |    83 |   111 |   122 ||   370
